[Event "Titled Tuesday Blitz March 07 Late 2023"]
[White "Kamsky, Gata"]
[Black "Carlsen, Magnus"]
[WhiteFideId "2000024"]
[BlackFideId "1503014"]
[WhiteElo "2666"]
[BlackElo "2852"]
[Result "0-1"]
[Round "07"]
[TimeControl "180+2"]
[Date "2023.03.07"]
[WhiteClock "0:00:03"]
[BlackClock "0:00:06"]

1. e4 c5 2. Nf3 Nc6 3. d4 cxd4 4. Nxd4 e6 5. Nb5 d6 6. c4 Nf6 7. N1c3 a6 8. Nd4 d5 9. cxd5 exd5 10. exd5 Nxd5 11. Nxc6 bxc6 12. Bd2 Bd6 13. Be2 O-O 14. O-O Rb8 15. Nxd5 cxd5 16. Bc3 Bc5 17. Bd4 Bxd4 18. Qxd4 Qb6 19. Qxb6 Rxb6 20. b3 Be6 21. Rac1 Rc8 22. Rxc8+ Bxc8 23. Rc1 Be6 24. Rc5 Kf8 25. Kf1 Ke7 26. Ke1 Kd6 27. Ra5 Bc8 28. Kd2 g5 29. h3 Ke5 30. Bf3 Be6 31. Be2 Bc8 32. Bf3 Rd6 33. Be2 h6 34. Bd3 Rf6 35. Ke3 Rc6 36. g3 Bxh3 37. f4+ gxf4+ 38. gxf4+ Kd6 39. Rxa6 Rxa6 40. Bxa6 h5 41. b4 h4 42. a4 Bf5 43. a5 h3 44. Kf2 d4 45. Bb7 d3 46. b5 h2 47. Bf3 d2 48. a6 d1=Q 0-1


[Site "https://www.chess.com"]

[Event "Titled Tuesday Blitz March 07 Late 2023"]
[White "Nakamura, Hikaru"]
[Black "Vazquez, Guillermo"]
[WhiteFideId "2016192"]
[BlackFideId "3702308"]
[WhiteElo "2879"]
[BlackElo "2543"]
[Result "1-0"]
[Round "07"]
[TimeControl "180+2"]
[Date "2023.03.07"]
[WhiteClock "0:00:40"]
[BlackClock "0:00:12"]

1. Nf3 d5 2. g3 Nc6 3. d4 Bf5 4. a3 e6 5. Bg2 Be7 6. b3 Nf6 7. c4 O-O 8. Bb2 h6 9. O-O a5 10. Nbd2 Ne4 11. Rc1 Nxd2 12. Nxd2 Bf6 13. e3 Ne7 14. Qe2 c6 15. Rfd1 Re8 16. h4 Nc8 17. e4 dxe4 18. Nxe4 Bxe4 19. Bxe4 Nd6 20. Bb1 g6 21. h5 g5 22. Qd3 Kf8 23. Rd2 Bg7 24. a4 f5 25. Re1 Qd7 26. g4 Kg8 27. Rde2 Ne4 28. f3 Nd6 29. c5 Nf7 30. b4 Rad8 31. Ba2 Bxd4+ 32. Bxd4 Qxd4+ 33. Qxd4 Rxd4 34. gxf5 g4 35. Rxe6 1-0


[Site "https://www.chess.com"]

[Event "Titled Tuesday Blitz March 07 Late 2023"]
[White "Naroditsky, Daniel"]
[Black "Indjic, Aleksandar"]
[WhiteFideId "2026961"]
[BlackFideId "911925"]
[WhiteElo "2633"]
[BlackElo "2614"]
[Result "1/2-1/2"]
[Round "07"]
[TimeControl "180+2"]
[Date "2023.03.07"]
[WhiteClock "0:00:21"]
[BlackClock "0:01:17"]

1. d4 Nf6 2. Nc3 d5 3. Bf4 c5 4. e4 Nxe4 5. Nxe4 dxe4 6. dxc5 Qa5+ 7. c3 Qxc5 8. Qa4+ Nc6 9. Qxe4 Bf5 10. Qc4 Qxc4 11. Bxc4 e6 12. Nf3 O-O-O 13. O-O h6 14. Be3 a6 15. Bb6 Rd7 16. Rad1 Bd6 17. h3 Bc7 18. Rxd7 Kxd7 19. Be3 Kc8 20. Rd1 Rd8 21. Rxd8+ Kxd8 22. Kf1 g5 23. Nd4 Nxd4 24. Bxd4 Ke7 25. Ke2 Be4 26. f3 Bc6 27. b4 b5 28. Bb3 f6 29. c4 Bd6 30. a3 h5 31. c5 Bf4 32. Bb2 f5 33. Kf2 h4 34. Bc2 Bd5 35. Bd3 Kd7 36. Be2 Kc6 37. Bd3 Bb3 38. Ke2 Bd5 39. Kf2 Kc7 40. Bb1 Kd7 41. Bd3 Kc6 42. Ke2 g4 43. hxg4 fxg4 44. Be4 Bxe4 45. fxe4 h3 46. gxh3 gxh3 47. Kf3 e5 48. Kf2 Kc7 49. Kf3 Kd7 50. Kf2 Ke6 51. Kf3 Kd7 52. Kf2 Kc6 53. Kf3 a5 54. bxa5 Kxc5 55. Bc3 Kc6 56. Bb4 Kb7 57. Kf2 Ka6 58. Kf3 Kb7 59. Kf2 Ka6 60. Kf3 Kb7 1/2-1/2


[Site "https://www.chess.com"]

[Event "Titled Tuesday Blitz March 07 Late 2023"]
[White "Firouzja, Alireza"]
[Black "Rasulov, Vugar"]
[WhiteFideId "12573981"]
[BlackFideId "13402390"]
[WhiteElo "2904"]
[BlackElo "2509"]
[Result "1-0"]
[Round "07"]
[TimeControl "180+2"]
[Date "2023.03.07"]
[WhiteClock "0:00:26"]
[BlackClock "0:00:12"]

1. d4 d5 2. c4 e6 3. Nc3 a6 4. cxd5 exd5 5. Qc2 c6 6. Nf3 Bd6 7. Bg5 Ne7 8. e3 h6 9. Bh4 O-O 10. Bd3 Nd7 11. g4 c5 12. g5 c4 13. Be2 Ng6 14. Bg3 Bxg3 15. hxg3 hxg5 16. Nxd5 b5 17. O-O-O Bb7 18. Qf5 Nf6 19. Nxf6+ Qxf6 20. Qxf6 gxf6 21. Rh2 Rac8 22. Nd2 c3 23. Nb3 Bd5 24. Nc5 cxb2+ 25. Kxb2 f5 26. Bd3 f4 27. gxf4 gxf4 28. e4 Bc4 29. Bxc4 bxc4 30. Kc3 Rfd8 31. Rg1 Rc6 32. Kxc4 Rb8 33. f3 Rbc8 34. Rh5 Kf8 35. Rb1 Rd8 36. Rb7 Rcd6 37. d5 Rc8 38. Kd4 Kg7 39. Rf5 Rf6 40. Ne6+ 1-0


[Site "https://www.chess.com"]

[Event "Titled Tuesday Blitz March 07 Late 2023"]
[White "Vachier-Lagrave, Maxime"]
[Black "Ibarra Jerez, Jose Carlos"]
[WhiteFideId "623539"]
[BlackFideId "2226332"]
[WhiteElo "2740"]
[BlackElo "2638"]
[Result "1-0"]
[Round "07"]
[TimeControl "180+2"]
[Date "2023.03.07"]
[WhiteClock "0:00:55"]
[BlackClock "0:00:05"]

1. e4 c5 2. Nf3 Nc6 3. Bb5 e6 4. O-O Nge7 5. b3 Nd4 6. Nxd4 cxd4 7. Bb2 a6 8. Bd3 Nc6 9. f4 Be7 10. Kh1 O-O 11. Na3 d5 12. exd5 exd5 13. c3 Bf6 14. Nc2 dxc3 15. dxc3 Re8 16. Qf3 Qa5 17. a4 Be6 18. b4 Qc7 19. Rad1 Rad8 20. h3 Ne7 21. Ne3 d4 22. cxd4 Bb3 23. Rc1 Qb6 24. Ng4 Bxa4 25. Qe4 Ng6 26. Nxf6+ gxf6 27. Qf5 Bb5 28. Bxb5 Qxb5 29. Qxf6 Qxb4 30. d5 Qf8 31. f5 Rd6 32. Qc3 Ne5 33. Qg3+ Qg7 34. Bxe5 1-0


[Site "https://www.chess.com"]

[Event "Titled Tuesday Blitz March 07 Late 2023"]
[White "Fedoseev, Vladimir"]
[Black "Dominguez Perez, Leinier"]
[WhiteFideId "24130737"]
[BlackFideId "3503240"]
[WhiteElo "2752"]
[BlackElo "2647"]
[Result "1-0"]
[Round "07"]
[TimeControl "180+2"]
[Date "2023.03.07"]
[WhiteClock "0:00:11"]
[BlackClock "0:00:01"]

1. e4 c5 2. Nf3 d6 3. d4 cxd4 4. Nxd4 Nf6 5. Nc3 a6 6. f4 e5 7. Nb3 Nc6 8. Bd3 Be7 9. O-O O-O 10. h3 b5 11. Be3 Bb7 12. a3 Rc8 13. Nd5 exf4 14. Bb6 Qe8 15. Nxf4 Ne5 16. Qe2 Nfd7 17. Bd4 g6 18. a4 bxa4 19. Na5 Ba8 20. Bxa6 Rb8 21. Bb5 Qd8 22. Rxa4 Bf6 23. Nd5 Bg7 24. Nb3 Bxd5 25. exd5 Nb6 26. Ra7 Nxd5 27. c4 Nb6 28. Qf2 Nc8 29. Bxe5 Bxe5 30. Rxf7 Ne7 31. Rxf8+ Qxf8 32. Qe2 Qg7 33. Nd2 Nf5 34. Ne4 Rf8 35. g4 Nd4 36. Rxf8+ Qxf8 37. Qe3 Ne6 38. Kg2 Bxb2 39. c5 dxc5 40. Bc4 1-0


[Site "https://www.chess.com"]

[Event "Titled Tuesday Blitz March 07 Late 2023"]
[White "Bortnyk, Olexandr"]
[Black "Dardha, Daniel"]
[WhiteFideId "14120828"]
[BlackFideId "240990"]
[WhiteElo "2734"]
[BlackElo "2581"]
[Result "0-1"]
[Round "07"]
[TimeControl "180+2"]
[Date "2023.03.07"]
[WhiteClock "0:00:32"]
[BlackClock "0:01:02"]

1. d4 Nf6 2. Nc3 d5 3. Bf4 c5 4. e4 Nxe4 5. Nxe4 dxe4 6. dxc5 Qa5+ 7. c3 Qxc5 8. Qa4+ Nc6 9. Qxe4 g6 10. Nf3 Bg7 11. Rd1 O-O 12. Be3 Qa5 13. Bc4 Bf5 14. Qh4 Rad8 15. O-O Qc7 16. Rxd8 Qxd8 17. Re1 Qc7 18. Bh6 Bf6 19. Ng5 Bxg5 20. Qxg5 Rd8 21. g4 Ne5 22. Rxe5 Rd1+ 23. Bf1 Qc4 24. Kg2 Qxf1+ 25. Kf3 Qh3+ 26. Kf4 Qxh2+ 27. Kf3 Qxe5 28. gxf5 Qxf5+ 29. Qxf5 gxf5 30. Be3 a6 31. b4 Ra1 32. Kf4 e6 33. Ke5 Rxa2 34. Kd6 h5 35. Kc7 b5 36. Kb6 h4 0-1


[Site "https://www.chess.com"]

[Event "Titled Tuesday Blitz March 07 Late 2023"]
[White "Rustemov, Alexander"]
[Black "Deac, Bogdan-Daniel"]
[WhiteFideId "4119002"]
[BlackFideId "1226380"]
[WhiteElo "2866"]
[BlackElo "2649"]
[Result "1-0"]
[Round "07"]
[TimeControl "180+2"]
[Date "2023.03.07"]
[WhiteClock "0:00:10"]
[BlackClock "0:00:02"]

1. d4 Nf6 2. Nf3 e6 3. Bg5 c5 4. e3 h6 5. Bh4 cxd4 6. exd4 Qb6 7. Bxf6 Qxb2 8. Nbd2 gxf6 9. Bd3 f5 10. O-O Bg7 11. Nc4 Qb4 12. Rb1 Qe7 13. d5 O-O 14. Re1 Qc5 15. Ne3 b6 16. Nh4 Ba6 17. Nexf5 exf5 18. Nxf5 Qc3 19. Qg4 Qf6 20. c4 Kh8 21. Re3 d6 22. Rg3 Rg8 23. Nxh6 Qxh6 24. Rh3 Bc8 25. Rxh6+ Bxh6 26. Qh5 Kg7 27. Re1 Nd7 28. Re7 Ne5 29. Bf5 Bxf5 30. Qxf5 Rge8 31. Rc7 Rf8 32. f4 Ng6 33. g3 Rae8 34. Kf2 Re7 35. Rxe7 Nxe7 36. Qd7 Ng6 37. h4 Rb8 38. h5 Nf8 39. Qxa7 Rc8 40. Qa6 Rc5 41. Qxb6 Rxc4 42. Kf3 Nd7 43. Qxd6 Nf6 44. Qe5 Ra4 45. g4 Rxf4+ 46. Ke2 Re4+ 47. Qxe4 Nxe4 48. Kd3 Nd6 49. a4 Nb7 50. Kc4 Be3 51. Kb5 Kf6 52. Kc6 Nc5 53. a5 Ke7 54. d6+ Kd8 55. h6 1-0


[Site "https://www.chess.com"]

[Event "Titled Tuesday Blitz March 07 Late 2023"]
[White "Samsonkin, Artiom"]
[Black "Lenderman, Aleksandr"]
[WhiteFideId "13503111"]
[BlackFideId "2021285"]
[WhiteElo "2524"]
[BlackElo "2607"]
[Result "1-0"]
[Round "07"]
[TimeControl "180+2"]
[Date "2023.03.07"]
[WhiteClock "0:00:13"]
[BlackClock "0:00:11"]

1. e4 e6 2. d4 d5 3. Nc3 dxe4 4. Nxe4 Nd7 5. Nf3 Ngf6 6. Bd3 c5 7. Qe2 Be7 8. Nxf6+ Nxf6 9. dxc5 Bxc5 10. Bg5 Qc7 11. O-O-O O-O 12. Bxf6 Qf4+ 13. Kb1 Qxf6 14. Qe4 g6 15. h4 Bd7 16. Ne5 Bc6 17. Ng4 Qg7 18. Qc4 b6 19. h5 Bd5 20. Qf4 g5 21. Nf6+ Kh8 22. h6 gxf4 23. hxg7+ Kxg7 24. Nh5+ Kh8 25. Nxf4 f5 26. c4 Bc6 27. Ng6+ Kg7 28. Nxf8 Rxf8 29. Be2 Be4+ 30. Ka1 Bxf2 31. Rd7+ Kf6 32. Bf3 Rg8 33. a3 a5 34. Rhxh7 Rg6 35. Bxe4 fxe4 36. Rhf7+ Ke5 37. Rxf2 e3 38. Re2 Ke4 39. Rd1 e5 40. Rde1 Rg3 41. Ka2 Kd3 42. b4 a4 43. c5 bxc5 44. bxc5 Kd4 45. c6 Rg7 46. Rxe3 Rxg2+ 47. R3e2 Rg7 48. Rc1 Rc7 49. Rd2+ Ke3 50. Rd7 Rc8 51. c7 1-0


[Site "https://www.chess.com"]

[Event "Titled Tuesday Blitz March 07 Late 2023"]
[White "Corrales Jimenez, Fidel"]
[Black "Yoo, Christopher Woojin"]
[WhiteFideId "3506690"]
[BlackFideId "30909694"]
[WhiteElo "2541"]
[BlackElo "2519"]
[Result "1-0"]
[Round "07"]
[TimeControl "180+2"]
[Date "2023.03.07"]
[WhiteClock "0:00:52"]
[BlackClock "0:00:01"]

1. e4 c5 2. Nf3 d6 3. d4 cxd4 4. Nxd4 Nf6 5. Nc3 Nc6 6. Bg5 e6 7. Qd2 a6 8. O-O-O Bd7 9. Nxc6 Bxc6 10. f3 Be7 11. h4 Qc7 12. Kb1 b5 13. h5 h6 14. Bf4 e5 15. Be3 Qb7 16. Nd5 Bxd5 17. exd5 Rc8 18. g4 e4 19. fxe4 Nxg4 20. Bd4 Bf6 21. Bh3 Bxd4 22. Bxg4 Rc4 23. Be2 Ra4 24. b3 Be5 25. c3 Rxe4 26. Rhg1 b4 27. cxb4 Qxb4 28. Bxa6 Qxd2 29. Rxd2 Ke7 30. a4 Rb8 31. Ka2 Reb4 32. Bc4 Ra8 33. Ka3 Rb6 34. Rf1 Bc3 35. Re2+ Kf8 36. Re3 Bb4+ 37. Ka2 Bc5 38. Re4 Ra7 39. Rfe1 Rb8 40. R1e2 g6 41. Rf4 Kg7 42. Rg2 g5 43. Rf3 Re7 44. a5 Ra8 45. a6 Re5 46. Re2 g4 47. Rg3 Rg5 48. Re7 Bd4 49. Re4 Be5 50. Rgxg4 f5 51. Rxg5+ hxg5 52. Re1 g4 53. b4 f4 54. b5 Bd4 55. Re4 Be3 56. b6 Bxb6 57. Rxf4 g3 58. Rg4+ Kh6 59. Be2 Bf2 60. Rg6+ Kh7 61. Kb3 Rb8+ 62. Ka4 Rc8 63. Bd3 Kh8 64. h6 Rc3 65. Bf5 Rc4+ 66. Kb3 Rc1 67. Rxd6 Kg8 68. h7+ Kg7 69. Rd8 Rh1 70. Be4 1-0


[Site "https://www.chess.com"]

[Event "Titled Tuesday Blitz March 07 Late 2023"]
[White "Durarbayli, Vasif"]
[Black "Pakleza, Zbigniew"]
[WhiteFideId "13402935"]
[BlackFideId "1119290"]
[WhiteElo "2543"]
[BlackElo "2410"]
[Result "1/2-1/2"]
[Round "07"]
[TimeControl "180+2"]
[Date "2023.03.07"]
[WhiteClock "0:00:04"]
[BlackClock "0:00:07"]

1. e4 d6 2. d4 Nf6 3. Nc3 c6 4. Be3 Qb6 5. Qd2 Qxb2 6. Rb1 Qa3 7. h3 e6 8. Nf3 d5 9. e5 Ne4 10. Nxe4 dxe4 11. Ng5 Qxa2 12. Rc1 a5 13. Nxe4 Bb4 14. c3 Qxd2+ 15. Kxd2 Be7 16. Ra1 b5 17. c4 Bb4+ 18. Kc2 bxc4 19. Bxc4 Ba6 20. Kd3 O-O 21. Rhb1 Rd8 22. Bg5 Rd5 23. Be3 h6 24. Nc3 Rd8 25. Na4 Nd7 26. Bxa6 Rxa6 27. Ke4 f5+ 28. exf6 Nxf6+ 29. Kf3 Raa8 30. Rc1 Rac8 31. Nb6 Rc7 32. Nc4 Rd5 33. Ke2 Nd7 34. Bf4 Rb7 35. Be5 c5 36. Ne3 Nxe5 37. Nxd5 exd5 38. dxe5 c4 39. Rd1 Bc3 40. Rac1 d4 41. f4 a4 42. Rxc3 dxc3 43. Rc1 Rb2+ 44. Ke3 c2 45. Kd4 a3 46. Kc3 Kf7 47. f5 h5 48. g4 h4 49. g5 Ke7 50. g6 Ra2 51. Kxc4 Rb2 52. Kc3 Ke8 53. f6 gxf6 54. exf6 Kf8 55. g7+ Kf7 56. Rg1 Rb8 57. Kxc2 a2 58. Ra1 Kxf6 59. Rxa2 Kxg7 60. Ra4 Rc8+ 61. Kd2 Re8 62. Rxh4 Rh8 63. Rg4+ Kf6 64. h4 Kf5 65. Rb4 Kg6 66. Ke3 Kh5 67. Kf3 Rg8 68. Rb5+ Kxh4 69. Rb4+ Kh5 70. Rb5+ Rg5 71. Rxg5+ Kxg5 1/2-1/2


[Site "https://www.chess.com"]

[Event "Titled Tuesday Blitz March 07 Late 2023"]
[White "Real_OceanStorm"]
[Black "Liang, Awonder"]
[BlackFideId "2056437"]
[WhiteElo "2802"]
[BlackElo "2508"]
[Result "0-1"]
[Round "07"]
[TimeControl "180+2"]
[Date "2023.03.07"]
[WhiteClock "0:00:03"]
[BlackClock "0:00:02"]

1. e4 b6 2. Nc3 Bb7 3. d4 e6 4. Bd3 d6 5. Nf3 Nd7 6. O-O g6 7. d5 e5 8. Bb5 Ne7 9. Be3 Bg7 10. h3 a6 11. Bd3 O-O 12. a3 h6 13. Qd2 Kh7 14. Rfe1 Bc8 15. g4 Nc5 16. Bf1 f5 17. exf5 gxf5 18. b4 fxg4 19. Nh2 Nd7 20. Bd3+ Kg8 21. Nxg4 Nf6 22. Nxh6+ Kh8 23. Kh1 Qe8 24. Rg1 Qh5 25. Rg3 Bxh3 26. Kg1 Ng4 27. Nxg4 Bxg4 28. Rg2 Bh3 29. Rg5 Qh4 30. Qd1 Bh6 31. Rh5 Rg8+ 32. Kh2 Rg2+ 33. Kh1 Nf5 34. Bxf5 Qg3 35. Rxh6+ Kg7 36. Rg6+ Qxg6 37. Bxg6 Rh8 0-1


[Site "https://www.chess.com"]

[Event "Titled Tuesday Blitz March 07 Late 2023"]
[White "Bluebaum, Matthias"]
[Black "Albornoz Cabrera, Carlos Daniel"]
[WhiteFideId "24651516"]
[BlackFideId "3518736"]
[WhiteElo "2638"]
[BlackElo "2501"]
[Result "0-1"]
[Round "07"]
[TimeControl "180+2"]
[Date "2023.03.07"]
[WhiteClock "0:00:01"]
[BlackClock "0:00:41"]

1. d4 Nf6 2. c4 e6 3. Nc3 Bb4 4. e3 O-O 5. Bd2 d5 6. Nf3 b6 7. cxd5 exd5 8. Rc1 a6 9. Bd3 Bb7 10. O-O Re8 11. Ne5 Bd6 12. f4 c5 13. Be1 Nc6 14. Bh4 cxd4 15. exd4 Nxd4 16. Kh1 Ne6 17. Bxh7+ Kxh7 18. Nxf7 Qe7 19. Nxd6 Qxd6 20. Bxf6 gxf6 21. Ne4 Qe7 22. Qh5+ Kg7 23. Rc3 Rh8 24. Rg3+ Ng5 25. fxg5 f5 26. Qd1 Qxe4 27. Re1 Qb4 28. a3 Qd6 29. Kg1 d4 30. Rd3 Qxh2+ 0-1


[Site "https://www.chess.com"]

[Event "Titled Tuesday Blitz March 07 Late 2023"]
[White "Sjugirov, Sanan"]
[Black "Grover, Sahaj"]
[WhiteFideId "4189302"]
[BlackFideId "5021103"]
[WhiteElo "2569"]
[BlackElo "2432"]
[Result "1-0"]
[Round "07"]
[TimeControl "180+2"]
[Date "2023.03.07"]
[WhiteClock "0:00:08"]
[BlackClock "0:00:06"]

1. e4 c5 2. Nf3 Nc6 3. Bb5 e5 4. O-O Bd6 5. Nc3 a6 6. Be2 Nf6 7. a4 Nd4 8. Bc4 Bc7 9. d3 h6 10. Nd5 Nxd5 11. Bxd5 Qf6 12. Nxd4 cxd4 13. c3 Bb6 14. a5 Ba7 15. cxd4 Bxd4 16. Be3 Bxb2 17. Rb1 Ba3 18. f4 O-O 19. fxe5 Qxe5 20. Qb3 Be7 21. Bxf7+ Kh8 22. Qd5 d6 23. Qxe5 dxe5 24. Bd5 Bf6 25. Rfc1 Bd8 26. Bb6 Bxb6+ 27. Rxb6 Bg4 28. Bxb7 Ra7 29. Bxa6 Rfa8 30. Bb7 1-0


[Site "https://www.chess.com"]

[Event "Titled Tuesday Blitz March 07 Late 2023"]
[White "Yuan, Qingyu"]
[Black "Yu, Yangyi"]
[WhiteFideId "8609772"]
[BlackFideId "8603820"]
[WhiteElo "2359"]
[BlackElo "2783"]
[Result "0-1"]
[Round "07"]
[TimeControl "180+2"]
[Date "2023.03.07"]
[WhiteClock "0:00:02"]
[BlackClock "0:00:05"]

1. e4 c5 2. Nf3 Nc6 3. Bb5 e6 4. O-O Nge7 5. Re1 b6 6. c3 a6 7. Bf1 d5 8. exd5 Nxd5 9. d4 cxd4 10. Nxd4 Bb7 11. Nf3 Be7 12. Nbd2 O-O 13. Ne4 Qc7 14. Bg5 Rad8 15. Bxe7 Ncxe7 16. Qc1 h6 17. Ng3 Ng6 18. Nh5 Rd7 19. Nd4 Ndf4 20. Nxf4 Nxf4 21. Qe3 Rfd8 22. Qg3 b5 23. a3 Rd5 24. Re4 Rg5 25. Qxf4 e5 26. Nxb5 exf4 27. Nxc7 Bxe4 28. g3 fxg3 29. fxg3 a5 30. b4 Rd2 31. Re1 Bd3 32. Re8+ Kh7 33. Rd8 Bxf1 34. Rxd2 Bh3 35. Rd5 Rg6 36. Kf2 axb4 37. cxb4 Rc6 38. Rc5 Rd6 39. Ke3 Rd1 40. Nd5 Ra1 41. Rc3 Rb1 42. Nf4 Bd7 43. h4 g5 44. hxg5 hxg5 45. Nd3 Kg7 46. Nc5 Be8 47. Rb3 Rc1 48. Nd3 Rg1 49. Kf2 Rd1 50. Ke2 Rg1 51. Kf2 Rd1 52. Nc5 Rc1 53. a4 f5 54. a5 Bb5 55. Rb2 Ra1 56. Nb3 Rf1+ 57. Kg2 Rd1 58. Rd2 Rb1 59. Nd4 Rxb4 60. Nxf5+ Kf6 61. Nd6 Ba6 62. Rf2+ Kg6 63. Rd2 Ra4 64. Kf2 Rxa5 65. Ne4 Rf5+ 66. Ke3 Kh5 67. Rh2+ Kg4 68. Rd2 Rf3+ 69. Kd4 Bb7 70. Rg2 Bxe4 71. Kxe4 Rxg3 72. Rb2 Rg1 73. Ke3 Kg3 74. Ke2 Rg2+ 75. Kf1 Rxb2 0-1


[Site "https://www.chess.com"]

[Event "Titled Tuesday Blitz March 07 Late 2023"]
[White "Kosakowski, Jakub"]
[Black "Andreikin, Dmitry"]
[WhiteFideId "1185080"]
[BlackFideId "4158814"]
[WhiteElo "2488"]
[BlackElo "2736"]
[Result "0-1"]
[Round "07"]
[TimeControl "180+2"]
[Date "2023.03.07"]
[WhiteClock "0:00:24"]
[BlackClock "0:01:13"]

1. d4 d5 2. Nf3 Nf6 3. c4 e6 4. g3 dxc4 5. Bg2 Nc6 6. O-O Rb8 7. a4 a6 8. e3 Bd7 9. Nfd2 b5 10. axb5 axb5 11. b3 cxb3 12. Nxb3 Be7 13. Nc3 O-O 14. Bb2 Nb4 15. Qe2 Nbd5 16. Rfc1 b4 17. Na4 Bb5 18. Qe1 c6 19. Nac5 h5 20. e4 Nc7 21. Qxb4 Bf1 22. Qd2 Bxg2 23. Kxg2 Nxe4 24. Nxe4 Qd5 25. Ra5 Qxe4+ 26. f3 Qg6 27. Nc5 Bg5 28. f4 Bxf4 29. Qxf4 Rxb2+ 30. Kh3 Nd5 31. Qg5 Rxh2+ 32. Kxh2 Qxg5 33. Rb5 h4 34. Kh3 Nf4+ 35. Kh2 Qxg3+ 36. Kh1 Qg2# 0-1


[Site "https://www.chess.com"]

[Event "Titled Tuesday Blitz March 07 Late 2023"]
[White "Caruana, Fabiano"]
[Black "Iskusnyh, Sergei"]
[WhiteFideId "2020009"]
[BlackFideId "4120027"]
[WhiteElo "2818"]
[BlackElo "2492"]
[Result "1-0"]
[Round "07"]
[TimeControl "180+2"]
[Date "2023.03.07"]
[WhiteClock "0:00:10"]
[BlackClock "0:00:02"]

1. c4 e5 2. g3 c6 3. Nf3 e4 4. Nd4 d5 5. d3 Bc5 6. Nb3 Bb4+ 7. Bd2 Bxd2+ 8. N1xd2 exd3 9. cxd5 Nf6 10. e4 cxd5 11. Bxd3 O-O 12. O-O Nc6 13. Re1 Bg4 14. f3 Bh3 15. e5 Nd7 16. f4 Qb6+ 17. Kh1 Nb4 18. Bf1 Bxf1 19. Nxf1 Rac8 20. Ne3 Rfd8 21. a3 Nc2 22. Nxc2 Qxb3 23. Ne3 Qxb2 24. Nxd5 Nb6 25. Ne7+ Kh8 26. Nxc8 Rxd1 27. Raxd1 h5 28. Nd6 Kg8 29. Ne4 Kh7 30. Rd6 f6 31. exf6 gxf6 32. Nxf6+ Kg7 33. Nxh5+ Kf7 34. Rf6+ Kg8 35. Re8+ Kh7 36. Re7+ Kg8 37. Rg7+ 1-0


[Site "https://www.chess.com"]

[Event "Titled Tuesday Blitz March 07 Late 2023"]
[White "Maksimovic, Bojan"]
[Black "Derige Kane, Yan"]
[WhiteFideId "14408120"]
[BlackFideId "20665431"]
[WhiteElo "2468"]
[BlackElo "2149"]
[Result "1-0"]
[Round "07"]
[TimeControl "180+2"]
[Date "2023.03.07"]
[WhiteClock "0:00:05"]
[BlackClock "0:00:05"]

1. Nf3 Nf6 2. g3 e6 3. Bg2 d5 4. O-O Be7 5. d3 O-O 6. Nbd2 c5 7. e4 b5 8. Re1 Nc6 9. c3 a5 10. a4 b4 11. exd5 exd5 12. Nb3 Bg4 13. h3 Bh5 14. g4 Bg6 15. Nh4 Qc7 16. Nxg6 hxg6 17. g5 Nh5 18. Bxd5 Bd6 19. Qf3 Ra6 20. Bxc6 Rxc6 21. Nxa5 Ra6 22. Nc4 Bf4 23. Bxf4 Nxf4 24. Re4 Ne6 25. h4 bxc3 26. bxc3 Rfa8 27. a5 Rb8 28. Ree1 Rd8 29. Rab1 Nf4 30. Rb7 Nh3+ 31. Kf1 Rxd3 32. Rxc7 Rxf3 33. Re8+ Kh7 34. Rcc8 Rxf2+ 35. Ke1 Re6+ 36. Rxe6 fxe6 37. Ne5 Rf5 38. Nc6 Rf4 39. a6 Ra4 40. a7 Ng1 41. a8=Q Nf3+ 42. Kf2 Rxa8 43. Rxa8 Nxh4 44. Ne5 Nf3 45. Kxf3 c4 46. Nf7 e5 47. Rh8# 1-0


[Site "https://www.chess.com"]

[Event "Titled Tuesday Blitz March 07 Late 2023"]
[White "Fier, Alexandr"]
[Black "Li, Ruifeng"]
[WhiteFideId "2107139"]
[BlackFideId "2061074"]
[WhiteElo "2610"]
[BlackElo "2441"]
[Result "0-1"]
[Round "07"]
[TimeControl "180+2"]
[Date "2023.03.07"]
[WhiteClock "0:00:34"]
[BlackClock "0:00:20"]

1. c4 e5 2. Nc3 Nc6 3. Nf3 g6 4. g3 Bg7 5. Bg2 Nge7 6. O-O O-O 7. d3 d6 8. Rb1 h6 9. b4 a6 10. a4 a5 11. b5 Nb4 12. Ne1 Rb8 13. Nc2 c5 14. e4 f5 15. Nd5 f4 16. gxf4 Nexd5 17. cxd5 exf4 18. Nxb4 axb4 19. Kh1 Bd4 20. Bb2 Qf6 21. Bxd4 Qxd4 22. Bf3 Kg7 23. Qc2 Bd7 24. Qb2 Qxb2 25. Rxb2 Ra8 26. Bd1 Kf6 27. d4 cxd4 28. Rxb4 Ke5 29. Bb3 Rfc8 30. Rd1 Bg4 31. Re1 Bf3+ 32. Kg1 Rc3 33. Bc4 b6 34. Bf1 d3 35. Rb2 Rxa4 36. Rd2 Raa3 37. Bg2 Bxg2 38. Kxg2 Rc2 39. Rdd1 Raa2 40. Rf1 Kd4 41. e5 dxe5 42. d6 Ra8 43. Kf3 Rd8 44. Rfe1 Rxd6 45. Re4+ Kc3 46. Rxe5 d2 47. Re4 Rc1 48. Ke2 f3+ 0-1


[Site "https://www.chess.com"]

[Event "Titled Tuesday Blitz March 07 Late 2023"]
[White "Duda, Jan-Krzysztof"]
[Black "Zhu, Jiner"]
[WhiteFideId "1170546"]
[BlackFideId "8608059"]
[WhiteElo "2790"]
[BlackElo "2384"]
[Result "0-1"]
[Round "07"]
[TimeControl "180+2"]
[Date "2023.03.07"]
[WhiteClock "0:00:01"]
[BlackClock "0:00:01"]

1. c3 d5 2. Na3 c5 3. Nc2 Nc6 4. g3 e5 5. d3 Nf6 6. Bg2 Be7 7. Bg5 Be6 8. Nf3 O-O 9. O-O h6 10. Bxf6 Bxf6 11. e4 d4 12. c4 a6 13. b3 b5 14. h4 Rb8 15. Kh2 Qd7 16. Ng1 bxc4 17. bxc4 Rb2 18. Bh3 Rfb8 19. Bxe6 Qxe6 20. Nf3 Bd8 21. Nd2 Qf6 22. Kg2 Ba5 23. Nb3 Qe7 24. Nxa5 Nxa5 25. Qc1 Nc6 26. Rd1 R8b6 27. Rd2 Qb7 28. h5 a5 29. Re2 a4 30. Rd2 Rb1 31. Rxb1 Rxb1 32. Qa3 Qb2 33. Qxb2 Rxb2 34. a3 Nb4 35. axb4 cxb4 36. c5 b3 37. Na3 Rxd2 38. c6 Rc2 39. Nc4 b2 40. c7 b1=Q 41. c8=Q+ Kh7 42. Qf5+ Kg8 43. Qc8+ Kh7 44. Qf5+ Kg8 45. Nd6 Qb3 46. Qxe5 Qe6 47. Qxd4 a3 48. Nf5 Qf6 49. Qa4 a2 50. Qxc2 a1=Q 51. d4 Qa8 52. d5 Qf8 53. Qd2 Q8d8 54. Qf4 Kh8 0-1


[Site "https://www.chess.com"]

[Event "Titled Tuesday Blitz March 07 Late 2023"]
[White "Skvortsov, Andrei"]
[Black "Kramnik, Vladimir"]
[WhiteFideId "24108600"]
[BlackFideId "4101588"]
[WhiteElo "2259"]
[BlackElo "2712"]
[Result "1-0"]
[Round "07"]
[TimeControl "180+2"]
[Date "2023.03.07"]
[WhiteClock "0:00:12"]
[BlackClock "0:00:05"]

1. e4 c5 2. d4 cxd4 3. Qxd4 Nc6 4. Qd3 Nf6 5. Nc3 g6 6. Nf3 Bg7 7. Be2 O-O 8. O-O d6 9. Nd5 Bg4 10. c3 Nd7 11. Bf4 Rc8 12. h3 Bxf3 13. Qxf3 e6 14. Ne3 Nce5 15. Qg3 Nc5 16. f3 Qb6 17. Rab1 Ncd3 18. Kh1 Nxf4 19. Qxf4 h6 20. Nc2 g5 21. Qd2 Ng6 22. g3 Rcd8 23. Ne3 Be5 24. Nc4 Qc6 25. Nxe5 dxe5 26. Qe3 b6 27. Rfd1 Kg7 28. Kg1 Kf6 29. Kf2 h5 30. Rxd8 Rxd8 31. Rd1 Rxd1 32. Bxd1 h4 33. gxh4 gxh4 34. Be2 Nf4 35. Bf1 Qd6 36. Ke1 Qd8 37. Qf2 Ng6 38. Qe3 Kg7 39. a4 f5 40. a5 Kf6 41. axb6 axb6 42. Qd2 Qc7 43. Qe3 Qa7 44. Qd2 Qc7 45. Kf2 Nf4 46. Ke1 Qg7 47. Qd8+ Qe7 48. Qh8+ Kg6 49. Qg8+ Qg7 50. Qd8 Kh5 51. Qxb6 fxe4 52. fxe4 Nxh3 53. Be2+ Kg5 54. Qxe6 Nf4 55. Qg4+ Kf6 56. Qxh4+ Ke6 57. Qg4+ Qxg4 58. Bxg4+ Kd6 59. Kd2 Kc5 60. b4+ Kc4 61. Kc2 Kb5 62. Kb3 Kb6 63. c4 1-0


[Site "https://www.chess.com"]